 Dungeon Crawl Stone Soup version 0.31.0-11-ge490571c62 (webtiles) character file.

Game seed: 17586179292268467747

18295 Flugkiller the Frost Mage (level 12, 9/58 HPs)
             Began as a Vine Stalker Ice Elementalist on Feb 2, 2024.
             Was an Elder of Sif Muna.
             Quit the game on level 4 of the Lair of Beasts.
             The game lasted 00:24:41 (3924 turns).

Flugkiller the Frost Mage (VSIE)                    Turns: 3924, Time: 00:24:41

Health: 9/58       AC:  6    Str: 14    XL:     12   Next: 57%
Magic:  3/28       EV: 11    Int: 19    God:    Sif Muna [****..]
Gold:   740        SH:  0    Dex: 16    Spells: 18/33 levels left

rFire   + . .        k - +0 glaive
rCold   . . .        (shield currently unavailable)
rNeg    . . .        u - +0 troll leather armour
rPois   .            (no helmet)
rElec   .            (no cloak)
rCorr   .            w - +2 pair of gloves {Str+3}
SInv    .            (no boots)
Will    ++...        (no amulet)
Stlth   ++           m - ring of willpower
HPRegen 1.89/turn    p - ring of protection from fire
MPRegen 0.21/turn

%: guardian spirit
@: lethally poisoned (9 -> -7), freezing walls
A: fangs 3, regeneration 1, magic shield, antimagic bite, no potion heal 2
a: Renounce Religion, Channel Magic, Forget Spell, Divine Exegesis


You were on level 4 of the Lair of Beasts.
You worshipped Sif Muna.
Sif Muna was greatly pleased with you.
You visited 2 branches of the dungeon, and saw 15 of its levels.

You collected 1410 gold pieces.
You spent 670 gold pieces at shops.

Inventory:

Hand Weapons
 b - a +6 falchion
   (You took it off a wight on level 7 of the Dungeon)
 c - a +0 dagger
   (You took it off a goblin on level 2 of the Dungeon)
 f - a +2 flail of protection
   (You found it on level 8 of the Dungeon)
 g - a +4 morningstar
   (You took it off a wight on level 7 of the Dungeon)
 k - a +0 glaive (weapon)
   (You took it off an orc warrior on level 6 of the Dungeon)
 q - a +1 short sword of venom
   (You took it off Sonja on level 3 of the Lair of Beasts)
Missiles
 j - 6 curare-tipped darts
 y - 3 throwing nets
Armour
 a - a +0 robe
 e - a +0 kite shield
   (You found it on level 3 of the Dungeon)
 u - a +0 troll leather armour (worn)
   (You found it on level 10 of the Dungeon)
 w - a +2 pair of gloves of strength (worn)
   (You bought it in a shop on level 10 of the Dungeon)
Magical Staves
 d - a staff of air
   (You found it on level 2 of the Dungeon)
Jewellery
 m - a ring of willpower (left hand)
   (You found it on level 9 of the Dungeon)
 p - a ring of protection from fire (right hand)
   (You found it on level 7 of the Dungeon)
 s - a ring of wizardry
   (You found it on level 10 of the Dungeon)
Talismans
 F - a maw talisman
   (You found it on level 1 of the Lair of Beasts)
Wands
 i - a wand of iceblast (2)
   (You found it on level 5 of the Dungeon)
 l - a wand of mindburst (2)
   (You found it on level 6 of the Dungeon)
 o - a wand of charming (11)
   (You found it on level 10 of the Dungeon)
 x - a wand of acid (16)
   (You found it on level 10 of the Dungeon)
Scrolls
 n - 3 scrolls of revelation
 t - a scroll of teleportation
 v - a scroll of enchant armour
 z - a scroll of blinking
 C - a scroll of torment
 E - a scroll of poison {unknown}
 G - a scroll of brand weapon {unknown}
Potions
 h - a potion of haste
 A - a potion of attraction {unknown}
 B - a potion of might {unknown}
 D - a potion of heal wounds {unknown}


   Skills:
 - Level 4.5 Fighting
 - Level 1.5 Dodging
 - Level 2.4 Stealth
 - Level 11.4 Spellcasting
 + Level 7.6 Conjurations
 - Level 11.9 Ice Magic
 + Level 7.6 Alchemy
 - Level 4.9 Invocations


You had 18 spell levels left.
You knew the following spells:

 Your Spells              Type           Power      Damage    Failure   Level
a - Freeze                Ice            100%       1d10      1%          1
b - Frozen Ramparts       Ice            100%       1d16      1%          3
c - Ozocubu's Armour      Ice            54%        N/A       1%          3
d - Summon Ice Beast      Ice/Summ       33%        N/A       1%          3
i - Irradiate             Conj/Alch      19%        3d18      10%         5

Your spell library contained the following spells:

 Spells                   Type           Power      Damage    Failure   Level
 Magic Dart               Conj           100%       1d8       1%          1
 Blink                    Tloc           20%        N/A       12%         2
 Call Imp                 Summ           20%        N/A       12%         2
 Jinxbite                 Hex            20%        N/A       12%         2
 Scorch                   Fire           20%        2d5       12%         2
 Sublimation of Blood     Necr           10%        N/A       12%         2
 Flame Wave               Conj/Fire      25%        2d8       17%         4
 Petrify                  Alch/Erth      25%        N/A       17%         4
 Yara's Violent Unravell  Hex/Alch       12%        3d7       43%         5
 Anguish                  Hex/Necr       5%         N/A       63%         4
 Cause Fear               Hex            5%         N/A       63%         4
 Summon Cactus Giant      Summ           5%         N/A       100%        6
 Enfeeble                 Hex            5%         N/A       100%        7


Dungeon Overview and Level Annotations

Branches:
Dungeon (11/15) Zot: 26209    Lair (4/5) D:9 Zot: 22928     Orc (0/2) D:10
 Temple: D:4-7        Swamp: Lair:2-3    Shoals: Lair:2-3     Snake: Lair:2-3
 Spider: Lair:2-3     Slime: Lair:4-5

Altars:
Ashenzari
Dithmenos
Fedhas
Gozag
Hepliaklqana
Makhleb
Nemelex Xobeh
Ru
Sif Muna
Trog
Vehumet
Wu Jian
Xom
Zin
The Shining One

Shops:
D:10 [   D:11 :?*

Annotations:
D:5 exclusion: downstairs
D:7 Maggie
Lair:2 shoals, spider, Erica
Lair:4 slime


Innate Abilities, Weirdness & Mutations

You have razor-sharp teeth.
Your natural rate of healing is unusually fast.
When hurt, damage is shared between your health and your magic reserves.
Your bite disrupts and absorbs the magic of your enemies.
Potions cannot restore your health.


Message History

The wolf bites you but does no damage.
You barely miss the wolf.
The wolf is severely wounded.
The wall freezes the wolf.
The wolf bites you!
The wall freezes the wolf.
The wolf bites you but does no damage.
The wall freezes the wolf.
The wolf bites you.
The wall freezes the wolf!
The wolf misses you.
The wall freezes the wolf.
You kill the wolf!
Sif Muna accepts your kill.
The wall freezes the wolf.
The wolf bites you!
The wall freezes the wolf.
The wolf bites you but does no damage.
The wall freezes the wolf!
You kill the wolf!
Sif Muna accepts your kill.
You are too injured to fight recklessly!
You are too injured to fight recklessly!
You hit the wolf. Your bite misses the wolf.
The wolf is almost dead.
The wall freezes the wolf.
You kill the wolf!
Sif Muna accepts your kill.
The frozen ramparts melt away as you move.
Found 23 gold pieces.
You now have 682 gold pieces (gained 12).
A water moccasin comes into view.
There are no items here.
A yak comes into view.
Found 17 gold pieces.
You now have 705 gold pieces (gained 23).
There are no items here.
A water moccasin comes into view.
Found 18 gold pieces.
Found a stone staircase leading down.
You see here 17 gold pieces.
You now have 722 gold pieces (gained 17).
Unknown command.
Casting: Frozen Ramparts (safe; 1% risk of failure)
Confirm with . or Enter, or press ? or * to list all spells.
The walls around you are covered in ice.
The water moccasin hisses angrily.
You hit the water moccasin.
The water moccasin is lightly wounded.
The wall freezes the water moccasin.
The water moccasin bites you.
You are poisoned.
The water moccasin poisons you!
The wall freezes the water moccasin.
The water moccasin closely misses you.
The wall freezes the water moccasin!
The water moccasin bites you.
You slash the water moccasin!
You kill the water moccasin!
Sif Muna accepts your kill.
You feel very sick.
The frozen ramparts melt away as you move.
You feel sick.
You see here a water moccasin corpse.
A black mamba comes into view.
Found 17 gold pieces.
You feel sick.
You see here 18 gold pieces.
You now have 740 gold pieces (gained 18).
You feel sick.
The black mamba hisses angrily.
You feel sick.
You see here a water moccasin corpse.
You feel sick.
Casting: Frozen Ramparts (safe; 1% risk of failure)
Confirm with . or Enter, or press ? or * to list all spells.
The walls around you are covered in ice.
You feel sick.
The wall freezes the black mamba.
You closely miss the black mamba. Your bite misses the black mamba.
The black mamba is lightly wounded.
You feel sick.
You are no longer poisoned.
The wall freezes the black mamba but does no damage.
The black mamba bites you.
You are poisoned.
The black mamba poisons you!
The wall freezes the black mamba.
The black mamba seems to slow down.
The black mamba barely misses you.
The wall freezes the black mamba but does no damage.
The black mamba bites you!
You are more poisoned.
The black mamba poisons you!
You miss the black mamba.
The black mamba is lightly wounded.
You feel extremely sick.
The wall freezes the black mamba.
The black mamba seems to slow down.
The black mamba barely misses you.
The wall freezes the black mamba.
The black mamba seems to slow down.
The black mamba bites you!
Casting: Frozen Ramparts (safe; 1% risk of failure)
Confirm with . or Enter, or press ? or * to list all spells.
Aiming: Freeze (safe; 1% risk of failure)
Press: ? - help, Shift-Dir - straight line, f - black mamba
Aim: a black mamba (moderately wounded, slow)
You freeze the black mamba.
The black mamba is moderately wounded.
The black mamba seems to slow down.
You feel very sick.
The wall freezes the black mamba!
The black mamba bites you!
* * * LOW HITPOINT WARNING * * *
You are lethally poisoned!
The black mamba poisons you!
Okay, then.
Are you sure you want to abandon this character and quit the game? (Confirm with "yes".)

####
##############.....
.........#.........
>.................
........@S..#...$.
...#...##### ##.
#..## ##.## #.$
#...# P.(. ##..##
#... ##
#..#.#####...
#####.##..##.#P#..#
#................^#


You could see a black mamba (slow).

Vanquished Creatures
  Sonja (Lair:3)
  Pikel (D:7)
  2 black mambas
  9 cane toads
  An unseen horror (D:11)
  A komodo dragon (Lair:1)
  A polar bear (Lair:1)
  A troll (D:9)
  A hornet (D:9)
  2 blink frogs (Lair:1)
  A shadow (D:10)
  5 wyverns
  28 yaks
  A basilisk (Lair:1)
  2 water moccasins
  2 orc warriors
  A black bear (D:7)
  2 sky beasts
  14 wolves
  3 boggarts (D:11)
  4 centaurs
  A lemure (D:7)
  A kobold brigand (D:7)
  5 bullfrogs
  3 wights (D:7)
  5 killer bees (D:9)
  3 howler monkeys
  A hound (D:5)
  A lava snake (Lair:2)
  3 orc priests
  2 iguanas
  4 orc wizards
  4 adders
  A shadow imp (D:6)
  18 orcs
  An endoplasm (D:3)
  4 goblins
  A hobgoblin (D:3)
  4 jackals (D:3)
  2 ball pythons
  9 kobolds
  3 rats
159 creatures vanquished.

Vanquished Creatures (collateral kills)
  2 two-headed ogres
  A torpor snail (Lair:3)
  A gargoyle (D:10)
  2 trolls
  A blink frog (Lair:1)
  Grinder (D:5)
  2 yaks
  A water moccasin (Lair:1)
  2 sky beasts
  2 black bears
  2 wolves (Lair:1)
  A lemure (D:7)
  3 bullfrogs
  A scorpion (D:6)
  A howler monkey (D:11)
  An orc priest (D:5)
  An iguana (D:6)
  An orc wizard (D:5)
  3 adders (D:6)
  2 ufetubi (D:6)
  4 orcs
  2 kobolds (D:7)
37 creatures vanquished.

Grand Total: 196 creatures vanquished

Notes
Turn   | Place    | Note
-------+----------+-------------------------------------------
     0 | D:1      | Flugkiller the Vine Stalker Ice Elementalist began the
                  | quest for the Orb.
     0 | D:1      | Reached XP level 1. HP: 9/9 MP: 4/4
   106 | D:3      | Reached XP level 2. HP: 4/13 MP: 2/6
   123 | D:3      | Found a sacrificial altar of Ru.
   123 | D:3      | Found a glowing golden altar of the Shining One.
   125 | D:3      | Found a broken altar of Ashenzari.
   125 | D:3      | Found a bloodstained altar of Trog.
   125 | D:3      | Found a hazy altar of Hepliaklqana.
   125 | D:3      | Found an ornate altar of the Wu Jian Council.
   127 | D:3      | Found a shimmering altar of Xom.
   127 | D:3      | Found a burning altar of Makhleb.
   127 | D:3      | Found a shimmering blue altar of Sif Muna.
   129 | D:3      | Found a glowing silver altar of Zin.
   129 | D:3      | Found a radiant altar of Vehumet.
   129 | D:3      | Found an opulent altar of Gozag.
   131 | D:3      | Found a sparkling altar of Nemelex Xobeh.
   131 | D:3      | Found a blossoming altar of Fedhas.
   131 | D:3      | Found a shadowy altar of Dithmenos.
   141 | D:3      | Became a worshipper of Sif Muna the Loreminder
   185 | D:3      | Reached XP level 3. HP: 15/16 MP: 5/8
   189 | D:3      | Learned a level 3 spell: Frozen Ramparts
   260 | D:5      | Entered Level 5 of the Dungeon
   262 | D:5      | Noticed an ogre
   273 | D:5      | Learned a level 3 spell: Ozocubu's Armour
   311 | D:5      | Reached XP level 4. HP: 21/21 MP: 8/10
   356 | D:6      | Noticed a centaur
   364 | D:6      | Killed a centaur
   365 | D:6      | Reached skill level 5 in Ice Magic
   365 | D:6      | Reached XP level 5. HP: 21/24 MP: 3/12
   372 | D:6      | Noticed a two-headed ogre
   410 | D:5      | Learned a level 3 spell: Summon Ice Beast
   437 | D:5      | Noticed Grinder
   549 | D:5      | Killed Grinder
   550 | D:5      | Reached skill level 5 in Spellcasting
   550 | D:5      | Reached XP level 6. HP: 28/28 MP: 3/14
   680 | D:6      | Noticed an orc warrior
   688 | D:6      | Reached XP level 7. HP: 32/32 MP: 10/16
   769 | D:6      | Reached * piety under Sif Muna
   894 | D:7      | Noticed a steam dragon
   935 | D:6      | Gained mutation: You have razor-sharp teeth. [Vine Stalker
                  | growth]
   935 | D:6      | Reached XP level 8. HP: 36/36 MP: 9/19
   987 | D:5      | You fall into a shaft and drop 3 floors!
  1114 | D:9      | Noticed a hornet
  1149 | D:9      | Noticed a yak
  1149 | D:9      | Noticed a yak
  1149 | D:9      | Noticed a yak
  1149 | D:9      | Noticed a yak
  1158 | D:9      | Killed a yak
  1164 | D:9      | Killed a yak
  1164 | D:9      | Killed a yak
  1166 | D:9      | Killed a yak
  1184 | D:9      | Noticed a wyvern
  1195 | D:9      | Killed a wyvern
  1196 | D:9      | Reached XP level 9. HP: 5/39 MP: 0/22
  1370 | D:7      | Noticed Maggie
  1423 | D:7      | Noticed Pikel
  1449 | D:7      | Reached ** piety under Sif Muna
  1467 | D:7      | Killed Pikel
  1468 | D:7      | Reached skill level 10 in Ice Magic
  1763 | D:9      | Reached skill level 10 in Spellcasting
  1763 | D:9      | Reached XP level 10. HP: 41/44 MP: 23/25
  1858 | D:10     | Entered Level 10 of the Dungeon
  1898 | D:10     | Noticed a two-headed ogre
  1905 | D:10     | Killed a two-headed ogre
  1953 | D:10     | Found a staircase to the Orcish Mines.
  1999 | D:10     | Found Qookorch's Armour Boutique.
  2032 | D:10     | Bought a +1 pair of gloves of strength for 181 gold pieces
  2130 | D:10     | Reached skill level 1 in Fighting
  2130 | D:10     | Reached skill level 1 in Invocations
  2234 | D:11     | Noticed a two-headed ogre
  2245 | D:11     | Killed a two-headed ogre
  2246 | D:11     | Reached XP level 11. HP: 52/52 MP: 9/27
  2296 | D:11     | Found Nilloun's Magic Scroll Emporium.
  2299 | D:11     | Reached *** piety under Sif Muna
  2311 | D:11     | Bought a scroll of blinking for 97 gold pieces
  2328 | D:11     | Found Zaptup's General Store.
  2389 | D:11     | Found Yghesesk's Book Shop.
  2736 | D:10     | Identified a scroll of acquirement
  2737 | D:10     | Acquired 860 gold pieces
  2796 | D:11     | Bought a book of Transmutation for 392 gold pieces
  2802 | D:11     | Learned a level 5 spell: Irradiate
  2932 | D:9      | Found a staircase to the Lair.
  2940 | Lair:1   | Entered Level 1 of the Lair of Beasts
  2961 | Lair:1   | Reached skill level 1 in Conjurations
  2961 | Lair:1   | Reached skill level 1 in Alchemy
  3190 | Lair:1   | Reached skill level 5 in Conjurations
  3190 | Lair:1   | Reached skill level 5 in Alchemy
  3218 | Lair:1   | Reached XP level 12. HP: 58/58 MP: 3/28
  3396 | Lair:2   | Noticed Erica
  3534 | Lair:3   | Noticed a five-headed hydra
  3619 | Lair:3   | Noticed Sonja
  3622 | Lair:3   | Killed Sonja
  3683 | Lair:3   | Reached **** piety under Sif Muna
  3924 | Lair:4   | Quit the game

Illustrated notes

Levels and vault maps discovered:
D:1:      beargit_arrival_greenhouse, layout_loops_ring, st_stairs_9,
          hangedman_decor_diamond_cutter, serial_park_tiny_1
D:2:      layout_rooms, minmay_worlds_worst_comb
D:3:      layout_loops_ring, dancing_weapons_uskayaw, nicolae_overflows_in_rows,
          dreamdust_ecumenical_altar_statues, serial_shops, shop
D:4:      layout_loops_ring, nicolae_ossuary_entry_ruins, roderic_filled_cross
D:5:      layout_basic, uniq_grinder
D:6:      layout_basic, minmay_diced_spiral
D:7:      layout_basic, minmay_temple_entry_fiery, serial_bayou_pond_c,
          uniq_pikel, uniq_crazy_yiuf_cottage, uniq_maggie
D:8:      layout_loops_ring, minmay_strange_pillars, minivault_27
D:9:      layout_roguey, lair_entry_dummy, serial_shops, nicolae_lakefront_shop
D:10:     layout_roguey, orc_david_3
D:11:     layout_roguey, serial_shops, nicolae_shop_tiny_waterfront, shop,
          nicolae_diamond_shop
Lair:1:   layout_regular_city, serial_bayou_shore_b
Lair:2:   layout_gridlike, minmay_shoals_entry_hut, spider_nest_entry_web_field,
          uniq_fannar, uniq_erica
Lair:3:   layout_cellular_growth, basic_altar, beast_lair_carwin_7,
          infiniplex_staircase_pool, serial_bayou_shore_b, uniq_urug, uniq_sonja
Lair:4:   layout_concentric_octagons, nicolae_slime_entry_slimehenge,
          grunt_megastairs_4

Skill      XL: |  1  2  3  4  5  6  7  8  9 10 11 12 |
---------------+-------------------------------------+-----
Spellcasting   | 3 4 5 6 8 10 11 | 11.4
Ice Magic      | 5 6 7 9 10 11 | 11.9
Fighting       | 3 4 |  4.5
Invocations    | 3 4 |  4.9
Conjurations   | 5 7 |  7.6
Alchemy        | 5 7 |  7.6
Dodging        | |  1.5
Stealth        | |  2.4

Action                     |  1- 3 |  4- 6 |  7- 9 | 10-12 || total
---------------------------+-------+-------+-------+-------++-------
  Melee: Dagger            |    41 |    13 |       |       ||    54
         Bite              |    13 |     2 |    17 |    38 ||    70
         Unarmed           |     6 |       |       |       ||     6
         Punch             |     2 |       |       |       ||     2
         Glaive            |       |       |    58 |   152 ||   210
   Cast: Freeze            |    20 |     6 |     2 |    20 ||    48
         Frozen Ramparts   |       |     2 |    22 |    45 ||    69
         Summon Ice Beast  |       |     6 |    14 |    40 ||    60
         Ozocubu's Armour  |       |       |     8 |    20 ||    28
         Irradiate         |       |       |       |     2 ||     2
 Invoke: Channel Magic     |       |       |       |     5 ||     5
  Evoke: Wand              |       |       |    16 |     7 ||    23
    Use: Scroll            |       |       |     7 |     7 ||    14
         Potion            |       |       |     4 |     1 ||     5
   Stab: Sleeping          |     2 |       |     1 |     2 ||     5
         Distracted        |       |       |       |     1 ||     1
 Armour: Robe              |    34 |    15 |    68 |    41 ||   158
         Troll leather arm |       |       |       |   236 ||   236
  Dodge: Dodged            |    37 |    16 |    56 |   168 ||   277
